 Dungeon Crawl Stone Soup version 0.23.0 (webtiles) character file.

Game seed: 8789930311583632903

1113 Lanoc the Slasher (level 8, -9/62 HPs)
             Began as a Demonspawn Monk on Feb 12, 2019.
             Was a Priest of Fedhas.
             Mangled by an orc warrior
             ... wielding a +0 broad axe
              (12 damage)
             ... on level 6 of the Dungeon.
             The game lasted 00:18:26 (7460 turns).

Lanoc the Slasher (Demonspawn Monk)                 Turns: 7460, Time: 00:18:27

Health: -9/62      AC:  7    Str: 14      XL:     8   Next: 11%
Magic:  10/10      EV: 12    Int:  9 (11) God:    Fedhas [***...]
Gold:   290        SH:  0    Dex: 13 (16) Spells: 7/7 levels left

rFire    + . .     SeeInvis .   a - +0 falchion
rCold    . . .     Gourm    .   (no shield)
rNeg     . . .     Faith    .   r - +0 ring mail (curse)
rPois    .         Spirit   .   (no helmet)
rElec    .         Reflect  .   (no cloak)
rCorr    .         Harm     .   (no gloves)
MR       +....                  (no boots)
Stlth    ++........             (no amulet)
HPRegen  0.20/turn              n - ring of protection from magic
MPRegen  0.12/turn              t - ring of stealth

@: no status effects
A: claws 2, thin metallic scales 1, fire resistance 1
a: Fungal Bloom, Sunlight, Evolution, Growth, Renounce Religion


You were on level 6 of the Dungeon.
You worshipped Fedhas.
Fedhas was most pleased with you.
You were not hungry.

You visited 2 branches of the dungeon, and saw 7 of its levels.

You collected 290 gold pieces.

Inventory:

Hand Weapons
 a - a +0 falchion (weapon)
Armour
 r - a cursed +0 ring mail (worn)
Jewellery
 n - a ring of protection from magic (left claw)
 t - a ring of stealth (right claw)
Wands
 p - a wand of scattershot (6)
 u - a wand of disintegration (4)
Scrolls
 f - 7 scrolls of remove curse {unknown}
 g - 7 scrolls of identify {unknown}
 h - 3 scrolls of amnesia {unknown}
 i - a scroll of magic mapping {unknown}
 j - a scroll of fear {unknown}
 k - 4 scrolls of enchant armour {unknown}
 m - a scroll of fog {unknown}
 o - 2 scrolls of immolation {unknown}
 s - 2 scrolls of enchant weapon {unknown}
Potions
 d - 2 potions of flight
Comestibles
 b - 9 chunks of flesh
 c - 3 rations


   Skills:
 + Level 5.0 Fighting
 * Level 5.8 Long Blades
 + Level 3.5 Armour
 + Level 4.6 Dodging
 - Level 1.7 Stealth
 + Level 3.2 Invocations


You had 7 spell levels left.
You didn't know any spells.
Your spell library was empty.

Dungeon Overview and Level Annotations

Branches:
Dungeon (6/15)             Temple (1/1) D:5

Altars:
Ashenzari
Cheibriados
Dithmenos
Elyvilon
Fedhas
Gozag
Hepliaklqana
Makhleb
Okawaru
Qazlal
Ru
Sif Muna
Trog
Uskayaw
Vehumet
Wu Jian
Xom
Yredelemnul
The Shining One

Annotations:
D:5 1 runed translucent door, Lanoc's ghost, amateur DsMo


Innate Abilities, Weirdness & Mutations

You have very sharp fingernails.
You are partially covered in thin metallic scales. (AC +2)
Your flesh is heat resistant. (rF+)


Message History

The orc warrior is severely wounded.
You barely miss the orc warrior.
The orc warrior is severely wounded.
The orc warrior completely misses you.
You hit the orc warrior.
The orc warrior is almost dead.
The orc warrior hits you with a +0 broad axe!
* * * LOW HITPOINT WARNING * * *
You barely miss the orc warrior.
The orc warrior is almost dead.
The orc warrior closely misses you.
You riposte.
You barely miss the orc warrior.
The orc warrior is almost dead.
You hit the orc warrior but do no damage.
The orc warrior is almost dead.
You hit the orc warrior.
The orc warrior is almost dead.
The orc warrior hits you with a +0 broad axe!
You die...
Fedhas appreciates your contribution to the ecosystem.

#.#........ #.#########
#.# #...## #.# #...## #
#+# #.# #...## ⌠. #.#
#.# #...## #.#.# #.#
#.####...## ......##.#
#........'# #.oo@.#
#######...## #######.#
#...# #...#
........####.#.# ###.#
######.......#.# #.#
#.####....# #.# #.#
#.########.#
#.####.#........#
#######...##.#.########
#......##.##.#.#


You could see an orc warrior and an orc.

Vanquished Creatures
  Menkaure (D:5)
  The ghost of Lochraine the Magician, an amateur TeEn of Okawaru (D:4)
  2 sky beasts (D:6)
  Blork the orc (D:5)
  A scorpion (D:5)
  3 howler monkeys (D:6)
  A hound (D:4)
  A centaur skeleton (D:4)
  2 bullfrog skeletons
  An orc wizard (D:6)
  3 hound skeletons
  6 gnolls
  9 adders
  A shadow imp (D:5)
  An adder skeleton (D:5)
  2 worms (D:2)
  2 dart slugs (D:1)
  6 leopard geckos
  19 orcs
  9 bats
  3 giant cockroaches
  5 goblins
  2 hobgoblins
  6 jackals
  5 quokkas
  3 ball pythons
  8 frilled lizards
  A jackal zombie (D:6)
  10 kobolds
  2 quokka skeletons (D:4)
  5 rats
122 creatures vanquished.

Vanquished Creatures (others)
  2 hornet zombies (D:6)
  16 toadstools
18 creatures vanquished.

Grand Total: 140 creatures vanquished

Notes
Turn   | Place    | Note
-------+----------+-------------------------------------------
     0 | D:1      | Lanoc the Demonspawn Monk began the quest for the Orb.
     0 | D:1      | Reached XP level 1. HP: 18/18 MP: 1/1
   165 | D:1      | Gained mutation: You have sharp fingernails. [demonic
                  | ancestry]
   165 | D:1      | Reached XP level 2. HP: 16/24 MP: 2/2
   184 | D:1      | Reached skill level 1 in Armour
  1060 | D:2      | Gained mutation: You are partially covered in thin metallic
                  | scales. (AC +2) [demonic ancestry]
  1060 | D:2      | Reached XP level 3. HP: 26/29 MP: 3/3
  1611 | D:2      | Found a shimmering altar of Xom.
  1611 | D:2      | Found a radiant altar of Vehumet.
  1611 | D:2      | Found an iron altar of Okawaru.
  2226 | D:2      | Reached XP level 4. HP: 31/35 MP: 4/4
  3314 | D:3      | Found a faded altar of an unknown god.
  3328 | D:3      | Became a worshipper of Fedhas Madash
  3328 | D:3      | Reached * piety under Fedhas
  3328 | D:3      | Reached ** piety under Fedhas
  3447 | D:3      | Reached *** piety under Fedhas
  4008 | D:4      | Gained mutation: You have very sharp fingernails. [demonic
                  | ancestry]
  4008 | D:4      | Reached XP level 5. HP: 42/42 MP: 5/5
  4025 | D:4      | Found a blossoming altar of Fedhas.
  4369 | D:4      | Found an opulent altar of Gozag.
  4869 | D:4      | Found a white marble altar of Elyvilon.
  4877 | D:4      | Reached XP level 6. HP: 42/48 MP: 6/6
  4998 | D:4      | Found a stormy altar of Qazlal.
  5013 | D:4      | Found a snail-covered altar of Cheibriados.
  5016 | D:4      | Found a shadowy altar of Dithmenos.
  5019 | D:4      | Found a hazy altar of Hepliaklqana.
  5107 | D:4      | Found a large runed translucent door.
  5107 | D:4      | Found a large runed translucent door.
  5108 | D:4      | Noticed Lochraine's ghost (amateur TeEn)
  5303 | D:4      | Killed Lochraine's ghost
  5397 | D:5      | Entered Level 5 of the Dungeon
  5649 | D:5      | Found a staircase to the Ecumenical Temple.
  5665 | Temple   | Entered the Ecumenical Temple
  5830 | D:5      | Noticed Menkaure
  5834 | D:5      | Noticed Blork the orc
  5842 | D:5      | Killed Menkaure
  5842 | D:5      | Reached skill level 1 in Invocations
  5842 | D:5      | Gained mutation: Your flesh is heat resistant. (rF+)
                  | [demonic ancestry]
  5842 | D:5      | Reached XP level 7. HP: 55/55 MP: 7/7
  5852 | D:5      | Killed Blork the orc
  5852 | D:5      | Reached skill level 5 in Long Blades
  5974 | D:5      | Found a runed translucent door.
  5975 | D:5      | Noticed Lanoc's ghost (amateur DsMo)
  7054 | D:6      | Reached XP level 8. HP: 42/61 MP: 10/10
  7213 | D:6      | Reached skill level 5 in Fighting
  7220 | D:6      | Found a sacrificial altar of Ru.
  7457 | D:6      | HP: 2/62 [orc warrior/+0 broad axe (12)]
  7460 | D:6      | Mangled by an orc warrior

Skill      XL: |  1  2  3  4  5  6  7  8 |
---------------+-------------------------+-----
Armour         | 1 2 3 |  3.5
Dodging        | 3 4 |  4.6
Long Blades    | 3 4 5 |  5.8
Fighting       | 4 5 |  5.0
Invocations    | 1 2 3 |  3.2
Stealth        | |  1.7

Action                   |  1- 3 |  4- 6 |  7- 9 || total
-------------------------+-------+-------+-------++-------
Melee: Falchion          |   173 |   263 |   198 ||   634
Invok: Fungal Bloom      |       |     4 |     5 ||     9
  Use: Potion            |       |     9 |     4 ||    13
 Stab: Sleeping          |     2 |     5 |     4 ||    11
  Eat: Chunk             |     4 |     8 |     3 ||    15
       Ration            |       |     1 |     1 ||     2
Armor: Robe              |    51 |    32 |       ||    83
       Skin              |       |    87 |     2 ||    89
       Ring mail         |       |    34 |    51 ||    85
Dodge: Dodged            |   135 |   202 |   104 ||   441
       Rpst.: Falchion   |    43 |    53 |    40 ||   136
